 Dungeon Crawl Stone Soup version 0.30.1-9-gdf580d7c3d (webtiles) character file.

Game seed: 7059562353995368986

3040 Eryximachus the Reanimator (level 9, -3/68 HPs)
             Began as a Mummy Necromancer on Oct 7, 2023.
             Was an Initiate of Gozag.
             Slain by Prince Ribbit (9 damage)
             ... on level 7 of the Dungeon.
             The game lasted 00:38:18 (9009 turns).

Eryximachus the Reanimator (Mummy Necromancer)      Turns: 9009, Time: 00:38:19

Health: -3/68      AC:  5    Str: 12    XL:     9   Next: 56%
Magic:  0/20       EV: 12    Int: 18    God:    Gozag
Gold:   175        SH:  0    Dex: 12    Spells: 12/23 levels left

rFire   x . .        q - +1 short sword (venom)
rCold   + + .        (no shield)
rNeg    + + +        i - +1 robe {rC+}
rPois   ∞            (no helmet)
rElec   .            e - +0 cloak
rCorr   .            (no gloves)
SInv    .            s - +0 pair of boots
Will    +....        (no amulet)
Stlth   ++           (no ring)
HPRegen 0.31/turn    (no ring)
MPRegen 0.17/turn

%: faith
@: gold aura
A: cold resistance 1, negative energy resistance 3, torment resistance 2, heat
vulnerability 1, in touch with death 1, no potions, faith
a: Renounce Religion, Potion Petition, Call Merchant, Bribe Branch


You were on level 7 of the Dungeon.
You worshipped Gozag.
Gozag was aware of your devotion.
You visited 2 branches of the dungeon, and saw 8 of its levels.

You collected 719 gold pieces.
You paid 544 gold pieces to Gozag.


Innate Abilities, Weirdness & Mutations

You are immune to poison.
Your flesh is cold resistant. (rC+)
You are immune to negative energy. (rN+++)
You are immune to unholy pain and torment.
You are vulnerable to heat. (rF-)
You are in touch with the powers of death.
You do not drink.
You have a special connection with the divine. (Faith)


   Skills:
 + Level 5.2 Fighting
 - Level 2.0 Dodging
 - Level 2.0 Stealth
 + Level 7.5 Spellcasting
 - Level 10.0 Necromancy
 - Level 3.0 Transmutations
 - Level 3.0 Earth Magic


You had 12 spell levels left.
You knew the following spells:

 Your Spells              Type           Power      Damage    Failure   Level
a - Passwall              Tmut/Erth      14%        N/A       4%          2
v - Vampiric Draining     Necr           59%        2d10      1%          3
y - Agony                 Necr           59%        N/A       4%          5
X - Necrotise             Necr           100%       1d9       1%          1

Your spell library contained the following spells:

 Spells                   Type           Power      Damage    Failure   Level
 Apportation              Tloc           12%        N/A       11%         1
 Foxfire                  Conj/Fire      24%        2x1d5     11%         1
 Anguish                  Hex/Necr       18%        N/A       13%         4
 Ensorcelled Hibernation  Hex/Ice        12%        N/A       16%         2
 Frozen Ramparts          Ice            12%        1d2       30%         3
 Swiftness                Air            6%         N/A       30%         3
 Volatile Blastmotes      Fire/Tloc      12%        2d11      30%         3
 Manifold Assault         Tloc           6%         N/A       71%         4
 Summon Ice Beast         Ice/Summ       6%         N/A       71%         4
 Alistair's Intoxication  Tmut/Pois      8%         N/A       83%         5
 Irradiate                Conj/Tmut      6%         3d13      83%         5
 Dispersal                Tloc           3%         N/A       100%        6
 Summon Hydra             Summ           3%         N/A       100%        7
 Disjunction              Tloc           3%         N/A       100%        8
 Sublimation of Blood     Necr           Unusable   N/A       N/A         2
 Animate Dead             Necr           Unusable   N/A       N/A         4
 Wereblood                Tmut           Unusable   N/A       N/A         2
 Spider Form              Tmut/Pois      Unusable   N/A       N/A         3
 Ice Form                 Ice/Tmut       Unusable   N/A       N/A         4

Inventory:

Hand Weapons
 q - a +1 short sword of venom (weapon)
Missiles
 j - 45 stones
 k - 2 poisoned darts (quivered)
Armour
 e - a +0 cloak (worn)
 i - a +1 robe of cold resistance (worn)
 s - a +0 pair of boots (worn)
Jewellery
 C - a ring of ice
Wands
 h - a wand of acid (1)
 p - a wand of mindburst (14)
 r - a wand of polymorph (14)
Scrolls
 a - 2 scrolls of vulnerability {unknown}
 b - 2 scrolls of enchant armour
 c - a scroll of fog
 d - 2 scrolls of immolation
 f - 5 scrolls of teleportation {@r2}
 g - 3 scrolls of amnesia
 l - a scroll of butterflies {unknown}
 m - 2 scrolls of torment {unknown}
 n - a scroll of noise
 o - a scroll of magic mapping {unknown}

Dungeon Overview and Level Annotations

Branches:
Dungeon (7/15)             Temple (1/1) D:6

Altars:
Ashenzari
Gozag
Nemelex Xobeh
Ru
Uskayaw
Wu Jian

Shops:
D:3 :   D:4 (

Annotations:
D:7 Prince Ribbit

... ...
#.# ..
##.## ###
.. ... #..
##. #$#
#.# #.. $
#.# #.#
#.. $
#.#######
#.# #..
#.F@§...#
#.#######.
#######.#
#.##......
$ $ #.#
#.##.####.
#.###.##.#
#.
#........#
#.
########.#
#. #.# #.
#.# #. #.#
#.


You could see Prince Ribbit.


Message History

You feel life coursing into your body. Prince Ribbit barely misses you.
Casting: Vampiric Draining (safe; 1% risk of failure)
Confirm with . or Enter, or press ? or * to list all spells.
Aiming: Vampiric Draining (safe; 1% risk of failure)
Press: ? - help, Shift-Dir - straight line, f/p - Prince Ribbit
Aim: Prince Ribbit (lightly wounded)
You feel a surge of power!
You draw life force from Prince Ribbit.
You feel life coursing into your body. Prince Ribbit closely misses you.
Prince Ribbit hits you.
* * * LOW HITPOINT WARNING * * *
Okay, then.
Prince Ribbit attacks as you move away! Prince Ribbit closely misses you.
Prince Ribbit attacks as you move away! Prince Ribbit barely misses you.
Prince Ribbit blinks!
You closely miss Prince Ribbit.
Prince Ribbit is moderately wounded.
Prince Ribbit hits you!
* * * LOW HITPOINT WARNING * * *
Use which ability? (? or * to list)
Okay, then.
Casting: Vampiric Draining (safe; 1% risk of failure)
Confirm with . or Enter, or press ? or * to list all spells.
Aiming: Vampiric Draining (safe; 1% risk of failure)
Press: ? - help, Shift-Dir - straight line, f/p - Prince Ribbit
Aim: Prince Ribbit (moderately wounded)
You feel a surge of power!
You draw life force from Prince Ribbit!
You feel life coursing into your body.
Prince Ribbit blinks!
Prince Ribbit attacks as you move away! Prince Ribbit hits you!
You die...
Your body crumbles into a pile of gold.

Skill      XL: |  1  2  3  4  5  6  7  8  9 |
---------------+----------------------------+-----
Spellcasting   | 3 4 5 6 7 |  7.5
Stealth        | 2 |  2.0
Dodging        | 2 |  2.0
Necromancy     | 5 6 7 9 10 | 10.0
Transmutations | 1 2 3 |  3.0
Earth Magic    | 1 2 3 |  3.0
Fighting       | 1 4 5 |  5.2

Action                     |  1- 3 |  4- 6 |  7- 9 || total
---------------------------+-------+-------+-------++-------
  Melee: Dagger            |    10 |   102 |    48 ||   160
         Short sword       |       |       |   121 ||   121
         Punch             |       |       |     1 ||     1
  Throw: Stone             |       |     2 |     1 ||     3
         Dart              |       |     6 |     7 ||    13
   Cast: Necrotise         |    57 |    56 |    63 ||   176
         Vampiric Draining |       |    11 |    43 ||    54
 Invoke: Potion Petition   |       |       |     1 ||     1
  Evoke: Wand              |       |       |     2 ||     2
    Use: Scroll            |     4 |     2 |       ||     6
   Stab: Sleeping          |       |     2 |     1 ||     3
 Armour: Robe              |     5 |    23 |    40 ||    68
  Dodge: Dodged            |    14 |    77 |   108 ||   199

Levels and vault maps discovered:
D:1:      amcnicky_arrival_blooded_trapdoor, layout_basic
D:2:      kennysheep_the_goblin_king, layout_basic, uniq_sigmund
D:3:      layout_loops_cross, mainiacjoe_overflow_divided_tiny,
          lemuel_coloured_pillars_altar, shapermc_ecumenical_altar_rom_forum,
          serial_shops, nicolae_shop_mannequins, chequers_serial_rivers_large_b,
          uniq_ijyb
D:4:      layout_loops_corners, nicolae_ru_sacrificial_ziggurat,
          nicolae_stop_n_shop_1, minmay_misc_feat_enclosed, st_stairs_4
D:5:      layout_rooms, nemelex_spade_bored_becter, kennysheep_generic_room_4
D:6:      layout_basic, minmay_temple_entry_trees, uniq_pikel
D:7:      kennysheep_housing_project, layout_loops_ring,
          hellmonk_guarded_unrand_gong, uniq_maggie, uniq_prince_ribbit1
Temple:   dshaligram_water_room_temple

Notes
Turn   | Place    | Note
-------+----------+-------------------------------------------
     0 | D:1      | Eryximachus the Mummy Necromancer began the quest for the
                  | Orb.
     0 | D:1      | Reached XP level 1. HP: 13/13 MP: 4/4
   390 | D:1      | Reached XP level 2. HP: 19/19 MP: 3/5
   770 | D:3      | Noticed Ijyb
   803 | D:2      | Reached skill level 3 in Spellcasting
   899 | D:2      | Noticed Sigmund
  1424 | D:2      | Reached skill level 2 in Stealth
  1424 | D:2      | Gained mutation: You are in touch with the powers of death.
                  | [Mummy growth]
  1424 | D:2      | Reached XP level 3. HP: 24/24 MP: 5/7
  1430 | D:2      | Learned a level 3 spell: Vampiric Draining
  1799 | D:3      | Noticed a walking frostbound tome
  1801 | D:3      | Found Jisa's Book Shoppe.
  1801 | D:3      | Noticed a walking earthen tome
  1824 | D:3      | Reached skill level 2 in Dodging
  1865 | D:3      | Found a hide-covered altar of Uskayaw.
  1866 | D:3      | Found an ornate altar of the Wu Jian Council.
  2068 | D:4      | Found Tycaru's Weapon Emporium.
  2086 | D:3      | Reached XP level 4. HP: 30/30 MP: 3/9
  2238 | D:3      | Reached skill level 5 in Necromancy
  2246 | D:3      | Found a broken altar of Ashenzari.
  2280 | D:3      | Found a faded altar of an unknown god.
  2290 | D:3      | Got Plato's Compendium of Ashes
  2799 | D:4      | Reached skill level 4 in Spellcasting
  2916 | D:4      | Got Juidarpha's Spellbook of Red-Hot Alteration
  2954 | D:4      | Learned a level 2 spell: Passwall
  3101 | D:4      | Found a sacrificial altar of Ru.
  3109 | D:4      | Reached XP level 5. HP: 32/35 MP: 4/11
  3850 | D:5      | Entered Level 5 of the Dungeon
  3854 | D:5      | Reached skill level 1 in Transmutations
  3854 | D:5      | Reached skill level 1 in Earth Magic
  3854 | D:5      | Reached XP level 6. HP: 41/41 MP: 8/12
  3859 | D:5      | Reached skill level 6 in Necromancy
  4632 | D:5      | Found a sparkling altar of Nemelex Xobeh.
  4903 | D:6      | Reached skill level 5 in Spellcasting
  4903 | D:6      | Reached XP level 7. HP: 41/46 MP: 7/14
  5113 | D:6      | Reached skill level 2 in Transmutations
  5113 | D:6      | Reached skill level 2 in Earth Magic
  5276 | D:6      | Found a staircase to the Ecumenical Temple.
  5287 | Temple   | Entered the Ecumenical Temple
  5293 | Temple   | Became a worshipper of Gozag Ym Sagoz the Greedy
  5694 | D:7      | Reached skill level 7 in Necromancy
  5707 | D:7      | Learned a level 5 spell: Agony
  5898 | D:7      | Noticed a vault sentinel
  5898 | D:7      | Noticed a vault sentinel
  5950 | D:6      | Reached skill level 1 in Fighting
  6322 | D:6      | Reached XP level 8. HP: 46/56 MP: 11/15
  6368 | D:6      | Reached skill level 2 in Fighting
  6567 | D:6      | Noticed Pikel
  6585 | D:6      | Killed Pikel
  6586 | D:6      | Reached skill level 3 in Fighting
  6586 | D:6      | Reached skill level 8 in Necromancy
  6586 | D:6      | Reached skill level 3 in Transmutations
  6586 | D:6      | Reached skill level 3 in Earth Magic
  6745 | D:6      | Reached skill level 6 in Spellcasting
  7615 | D:4      | Reached skill level 4 in Fighting
  7948 | D:3      | Killed Ijyb
  8053 | D:2      | Killed Sigmund
  8054 | D:2      | Reached skill level 9 in Necromancy
  8054 | D:2      | Reached XP level 9. HP: 62/65 MP: 12/18
  8359 | D:6      | Killed a vault sentinel
  8677 | D:7      | Reached skill level 7 in Spellcasting
  8716 | D:7      | HP: 4/67 [yak (6)]
  8726 | D:7      | Reached skill level 5 in Fighting
  8987 | D:7      | Noticed Prince Ribbit
  9002 | D:7      | Reached skill level 10 in Necromancy
  9007 | D:7      | HP: 2/68 [Prince Ribbit (17)]
  9009 | D:7      | Slain by Prince Ribbit

Vanquished Creatures
  Pikel (D:6)
  A vault sentinel (D:6)
  Sigmund (D:2)
  4 yaks (D:7)
  2 orc warriors
  3 ogres
  2 bullfrogs
  2 scorpions
  3 jellies
  A howler monkey (D:6)
  5 hounds
  A gnoll bouda (D:4)
  2 orc priests
  A sleepcap (D:6)
  7 iguanas
  2 orc wizards
  Ijyb (D:3)
  6 gnolls
  5 adders
  2 white imps
  5 dart slugs
  20 orcs
  2 endoplasms
  7 giant cockroaches
  13 goblins
  6 hobgoblins
  8 quokkas
  6 ball pythons
  6 bats
  3 frilled lizards
  8 kobolds
  6 rats
142 creatures vanquished.

Vanquished Creatures (collateral kills)
  An endoplasm (D:2)
  A hobgoblin (D:2)
2 creatures vanquished.

Grand Total: 144 creatures vanquished

Table legend: (Time is in decaauts)
 A = Elapsed time spent in this place.
 B = Non-inter-level travel time spent in this place.
 C = Inter-level travel time spent in this place.
 D = Time resting spent in this place.
 E = Time spent auto-exploring this place.
 F = Levels seen in this place.
 G = Mean time per level.
                   A        B        C        D        E       F      G
               +--------+--------+--------+--------+--------+-----+--------+
         Total |   9041 |   8574 |    467 |   2139 |   3189 |   8 | 1130.1 |
       Dungeon |   9028 |   8566 |    462 |   2139 |   3189 |   7 | 1289.7 |
        Temple |     12 |      7 |      5 |      0 |      0 |   1 |   12.0 |
               +--------+--------+--------+--------+--------+-----+--------+

Top non-repeatable levels by time:
     D:6: 1838 daAuts
     D:4: 1687 daAuts
     D:5: 1330 daAuts
     D:2: 1319 daAuts
     D:3: 1177 daAuts
     D:7: 1097 daAuts
     D:1: 577 daAuts
  Temple: 12 daAuts

Table legend:
 A = Non-vault XP
 B = Vault XP
 C = Vault XP percentage of total XP
 D = Non-vault monster count
 E = Vault monster count
 F = Vault count percentage of total count
                 A         B        C        D         E       F
            +---------+---------+-------+---------+---------+-------
      Total |    2971 |    1373 |  31.6 |     129 |      15 |  10.4
            +---------+---------+-------+---------+---------+-------
        D:1 |      15 |       0 |   0.0 |      10 |       0 |   0.0
        D:2 |      40 |     227 |  85.0 |      22 |       8 |  26.7
        D:3 |      76 |      35 |  31.5 |      22 |       1 |   4.3
        D:4 |     388 |       4 |   1.0 |      26 |       2 |   7.1
        D:5 |     477 |      15 |   3.0 |      13 |       1 |   7.1
        D:6 |     868 |    1090 |  55.7 |      23 |       2 |   8.0
        D:7 |    1107 |       2 |   0.2 |      13 |       1 |   7.1
            +---------+---------+-------+---------+---------+-------
